 Dungeon Crawl Stone Soup version 0.18.1-48-g4cf74bf (webtiles) character file.

357 tyranidshit the Skirmisher (level 6, -13/55 HPs)
             Began as a Deep Dwarf Necromancer on July 19, 2016.
             Mangled by Blork the orc
             ... wielding a +1 scimitar of electrocution
              (19 damage)
             ... on level 4 of the Dungeon.
             The game lasted 00:12:24 (3133 turns).

tyranidshit the Skirmisher (Deep Dwarf Necromancer) Turns: 3133, Time: 00:12:25

Health: -13/55     AC: 10    Str: 11 (14) XL:     6   Next: 37%
Magic:  2/2        EV: 10    Int:  9 (15) God:
Gold:   109        SH:  0    Dex: 11 (13) Spells: 1 memorised, 7 levels left

rFire  . . .     SeeInvis .     v - +1 whip (antimagic)
rCold  . . .     Gourm    .     p - quicksilver dragon armour
rNeg   . . .     Faith    .     (no shield)
rPois  .         Spirit   .     r - +0 helmet
rElec  .         Dismiss  .     (no cloak)
rCorr  .         Reflect  .     (no gloves)
SustAt .         Harm     .     (no boots)
MR     +....     Rnd*Rage +     (no amulet)
Stlth  +.........               (no ring)
                                (no ring)

@: non-regenerating, somewhat resistant to hostile enchantments, very unstealthy
A: damage resistance, recharge devices, talons 1, berserk 1, deterioration 1,
frail 1, sense surroundings 1, slow regeneration 3
a: Device Recharging


You were on level 4 of the Dungeon.
You were hungry.

You visited 1 branch of the dungeon, and saw 4 of its levels.

You collected 109 gold pieces.

Inventory:

Hand Weapons
 v - a +1 antimagic whip (weapon)
Missiles
 m - 10 poisoned needles
Armour
 p - a quicksilver dragon armour (worn)
 r - a +0 helmet (worn)
Wands
 c - a wand of heal wounds (1/9)
Scrolls
 e - a scroll of noise {unknown}
 f - 3 scrolls of identify
 g - a scroll of enchant weapon {unknown}
 h - 2 scrolls of random uselessness
 i - 4 scrolls of remove curse
 l - a scroll of teleportation
Potions
 d - a potion of might
 j - a potion of resistance
 o - a potion of flight
Books
 b - a book of Necromancy

   Spells                             Type                      Level
   a - Pain                           Necromancy                   1
   b - Animate Skeleton               Necromancy                   1
   c - Vampiric Draining              Necromancy                   3
   d - Regeneration                   Charms/Necromancy            3
   e - Animate Dead                   Necromancy                   4
   f - Control Undead                 Necromancy                   4
Comestibles
 a - 2 bread rations
 k - 4 fruits
 n - 3 meat rations
 t - a royal jelly


   Skills:
 + Level 5.8 Fighting
 - Level 2.1 Dodging
 - Level 2.4 Stealth
 - Level 1.7 Spellcasting
 - Level 4.3 Necromancy


You had 7 spell levels left.
You knew the following spells:

 Your Spells              Type           Power        Failure   Level  Hunger
a - Pain                  Necr           #...         17%         1    ##.....


Dungeon Overview and Level Annotations

Branches:
Dungeon (4/15)
 Temple: D:4-7

Altars:
Ashenzari
Okawaru
The Shining One

Annotations:
D:4 Blork the orc


Innate Abilities, Weirdness & Mutations

You are resistant to damage.
You can recharge devices by infusing magical energy.
You passively map a small area around you.
You do not regenerate naturally.
You have sharp toenails.
You tend to lose your temper in combat.
Your body sometimes deteriorates upon taking damage.
You are frail (-10% HP).


Message History

A puff of flame appears from out of thin air!
The puff of flame hits you!
Your body deteriorates!
You feel dopey.
You hit something but do no damage. You claw something.
Something hits you but does no damage.
You are electrocuted!
You hit something. You claw something.
You hear some strange, mumbled words.
A puff of flame appears from out of thin air!
The puff of flame hits you!
You completely miss something. You claw something. Something hits you.
Something hits you but does no damage.
You hit something but do no damage. Your kick misses something.
You closely miss something. Something hits you.
You barely miss something. Something hits you!
* * * LOW HITPOINT WARNING * * *
You are electrocuted!
* * * LOW HITPOINT WARNING * * *
You closely miss something. Your kick misses something.
Something hits you but does no damage.
You are electrocuted!
You die...

,,#............## ,
#....#............# ,
#....#............# ,
#####....#............# ,
*.........#............+,
,
.........#............#,
.........#......##....#
.........#......##, ,
......{@.'........
.........#..##..##
.........#..# ### ,
,.........#..# , , ,
,.........#..+ ,, ,
.........#..# , , ,
.........#..# , *
.........#..#* ,


There were no monsters in sight!

Vanquished Creatures
  Sigmund (D:3)
  A jelly (D:3)
  Robin (D:3)
  5 adders
  An ooze (D:1)
  3 worms (D:2)
  3 dart slugs (D:1)
  3 giant geckos
  An orc (D:3)
  7 bats
  4 giant cockroaches
  21 goblins
  14 hobgoblins
  8 jackals
  2 quokkas
  3 giant newts
  8 kobolds
  6 rats
92 creatures vanquished.

Notes
Turn   | Place    | Note
--------------------------------------------------------------
     0 | D:1      | tyranidshit the Deep Dwarf Necromancer began the quest for the Orb.
     0 | D:1      | Reached XP level 1. HP: 15/15 MP: 3/3
    64 | D:1      | Reached skill level 1 in Fighting
   118 | D:1      | Reached XP level 2. HP: 7/25 MP: 0/4
   249 | D:1      | Reached skill level 2 in Fighting
   250 | D:1      | Found a glowing golden altar of the Shining One.
   480 | D:1      | Reached XP level 3. HP: 28/33 MP: 3/5
  1128 | D:1      | Reached skill level 3 in Fighting
  1139 | D:1      | Reached XP level 4. HP: 9/42 MP: 1/6
  1196 | D:2      | Gained mutation: You tend to lose your temper in combat. [mutagenic glow]
  1223 | D:2      | Found a shattered altar of Ashenzari.
  1239 | D:2      | Gained mutation: Your body sometimes deteriorates upon taking damage. [mutagenic glow]
  1316 | D:2      | Found an iron altar of Okawaru.
  1320 | D:2      | Gained mutation: You are frail (-10% HP). [mutagenic glow]
  1504 | D:2      | Reached skill level 4 in Fighting
  1819 | D:3      | Noticed Sigmund
  1834 | D:3      | Killed Sigmund
  1834 | D:3      | Reached skill level 5 in Fighting
  1834 | D:3      | Reached XP level 5. HP: 33/46 MP: 6/6
  1834 | D:3      | Reached XP level 6. HP: 39/54 MP: 7/7
  1867 | D:3      | Noticed Robin
  1931 | D:3      | Killed Robin
  2790 | D:3      | Gained mutation: You have sharp toenails. [potion of beneficial mutation]
  3089 | D:4      | Noticed Blork the orc
  3108 | D:4      | HP: 2/55 [Blork the orc/scimitar of electrocution (17)]
  3133 | D:4      | Mangled by Blork the orc

Skill      XL: |  1  2  3  4 |
---------------+-------------+-----
Fighting       | 1 2 3 5 |  5.8
Dodging        | |  2.1
Stealth        | |  2.4
Spellcasting   | |  1.7
Necromancy     | |  4.3

Action                   |  1- 3 |  4- 6 || total
-------------------------+-------+-------++-------
Melee: Unarmed           |    31 |       ||    31
       Club              |    98 |   394 ||   492
       Whip              |       |    38 ||    38
       Kick              |       |    14 ||    14
 Cast: Pain              |    37 |       ||    37
 Abil: Device Recharging |       |     2 ||     2
Evoke: Wand              |     2 |    10 ||    12
  Use: Potion            |       |    11 ||    11
       Scroll            |       |     4 ||     4
  Eat: Bread ration      |     1 |     1 ||     2
       Meat ration       |       |     1 ||     1
Armor: Robe              |    11 |       ||    11
       Chain mail        |   182 |   306 ||   488
       Skin              |       |    11 ||    11
       Quicksilver drago |       |   117 ||   117
Dodge: Dodged            |   102 |   297 ||   399
